 Dungeon Crawl Stone Soup version 0.26-a0-84-g8c18429211 (webtiles) character file.

Game seed: 11317559844204451097

114602 Gargoyl the Corrupter of Planes (level 16, -4/151 HPs)
             Began as a Centaur Abyssal Knight on June 21, 2020.
             Was the Champion of Lugonu.
             Slain by a tarantella (14 damage)
             ... on level 1 of the Spider Nest.
             The game lasted 00:54:00 (41218 turns).

Gargoyl the Corrupter of Planes (CeAK)             Turns: 41218, Time: 00:54:01

Health: -4/151     AC: 21    Str: 20    XL:     16   Next: 16%
Magic:  25/25      EV: 12    Int: 11    God:    Lugonu [******]
Gold:   1310       SH: 13    Dex: 17    Spells: 15/15 levels left

rFire    + + .     SeeInvis +   M - +1 broad axe (elec)
rCold    + . .     Gourm    .   T - +2 shield of Resistance {rF+ rC+ MR+}
rNeg     . . .     Faith    .   z - +3 scale mail {rF+}
rPois    +         Spirit   .   y - +1 hat {SInv}
rElec    .         Reflect  .   m - scarf {repulsion}
rCorr    .         Harm     .   Q - +0 pair of gloves
MR       ++...     Clarity  +   S - +0 centaur barding
Stlth    ..........             t - amulet of regeneration
HPRegen  0.75/turn              d - +6 ring of dexterity
MPRegen  0.19/turn              C - ring of poison resistance

@: repel missiles, very quick
A: large, hooves 3, rugged brown scales 1, clarity, deformed body, speed 2,
robust 1, tough skin 3, sturdy frame 1
a: Depart the Abyss, Bend Space, Banish, Corrupt, Enter the Abyss, Brand Weapon
With Distortion, Renounce Religion


You were on level 1 of the Spider Nest.
You worshipped Lugonu.
Lugonu was exalted by your worship.
You were near starving.

You visited 4 branches of the dungeon, and saw 25 of its levels.
You visited the Abyss 3 times.
You also visited: Volcano.

You collected 2651 gold pieces.
You spent 1341 gold pieces at shops.

Inventory:

Hand Weapons
 a - a +6 hand axe of freezing
 B - a +1 broad axe of holy wrath
 F - a +1 demon trident of flaming
 M - a +1 broad axe of electrocution (weapon)
Missiles
 n - 16 javelins (quivered)
Armour
 m - a scarf of repulsion (worn)
 y - a +1 hat of see invisible (worn)
 z - a +3 scale mail of fire resistance (worn)
 Q - a +0 pair of gloves (worn)
 S - a +0 centaur barding (worn)
 T - the +2 shield of Resistance (worn) {rF+ rC+ MR+}
   (You bought it in a shop on level 2 of the Orcish Mines)

   It protects you from fire.
   It protects you from cold.
   It affects your resistance to hostile enchantments.
Jewellery
 d - a +6 ring of dexterity (left hand)
 i - an uncursed ring of resist corrosion
 p - an uncursed amulet of reflection
 t - an amulet of regeneration (around neck)
 C - a ring of poison resistance (right hand)
 G - the ring of Jaisojou {rC+ MR+ Str-2 Slay+4}
   (You found it on level 5 of the Lair of Beasts)

   [ring of protection from magic]

   It affects your strength (-2).
   It affects your accuracy and damage with ranged weapons and melee attacks
   (+4).
   It protects you from cold.
   It affects your resistance to hostile enchantments.
Wands
 e - a wand of acid (24)
 h - a wand of iceblast (38)
 o - a wand of flame (45)
 A - a wand of random effects (47)
 J - a wand of disintegration (14)
 P - a wand of polymorph (9)
 R - a wand of digging (10)
Scrolls
 j - 8 scrolls of remove curse
 k - 4 scrolls of identify
 q - 14 scrolls of teleportation
 u - 2 scrolls of magic mapping
 H - a scroll of fog
 K - a scroll of blinking
 L - a scroll of silence
Potions
 b - 4 potions of stabbing
 g - 3 potions of flight
 l - a potion of brilliance
 r - 3 potions of might
 v - a potion of berserk rage
 w - 2 potions of ambrosia
 x - 2 potions of lignification
 E - a potion of resistance
 I - a potion of heal wounds
 N - a potion of magic
 O - 2 potions of cancellation
Comestibles
 c - 29 rations


   Skills:
 + Level 9.9 Fighting
 + Level 13.1 Axes
 + Level 1.4 Throwing
 * Level 11.4 Armour
 * Level 9.4 Dodging
 + Level 7.3 Shields
 * Level 13.1 Invocations
 + Level 0.3 Evocations


You had 15 spell levels left.
You didn't know any spells.
Your spell library contained the following spells:

 Spells                   Type           Power        Failure   Level  Hunger
 Animate Skeleton         Necr           N/A          65%         1    ##.....
 Apportation              Tloc           #.....       65%         1    ##.....
 Corona                   Hex            #......      65%         1    ##.....
 Magic Dart               Conj           #...         65%         1    ##.....
 Pain                     Necr           #...         65%         1    ##.....
 Sandblast                Erth           #.....       65%         1    ##.....
 Shock                    Conj/Air       #...         65%         1    ##.....
 Sting                    Tmut/Pois      #...         65%         1    ##.....
 Summon Small Mammal      Summ           #...         65%         1    ##.....
 Passwall                 Tmut/Erth      #.......     78%         2    ###....
 Poisonous Vapours        Pois/Air       #.....       78%         2    ###....
 Searing Ray              Conj           #.....       78%         2    ###....
 Sublimation of Blood     Necr           #.........   78%         2    ###....
 Swiftness                Chrm/Air       #.......     78%         2    ###....
 Dazzling Flash           Conj/Hex       #.....       95%         3    ####...
 Ignite Poison            Fire/Tmut/Pois #.......     95%         3    ####...
 Mephitic Cloud           Conj/Pois/Air  #.......     95%         3    ####...
 Static Discharge         Conj/Air       #.......     95%         3    ####...
 Stone Arrow              Conj/Erth      #.....       95%         3    ####...
 Vampiric Draining        Necr           #.........   95%         3    ####...
 Airstrike                Air            #.........   100%        4    #####..
 Animate Dead             Necr           N/A          100%        4    #####..
 Cause Fear               Hex            #.........   100%        4    #####..
 Fulminant Prism          Conj/Hex       #.........   100%        4    #####..
 Iskenderun's Mystic Bla  Conj/Tloc      #.......     100%        4    #####..
 Olgreb's Toxic Radiance  Pois           #.......     100%        4    #####..
 Petrify                  Tmut/Erth      #.......     100%        4    #####..
 Agony                    Necr           #.......     100%        5    ######.
 Alistair's Intoxication  Tmut/Pois      #.......     100%        5    ######.
 Irradiate                Conj/Tmut      #.........   100%        5    ######.
 Lee's Rapid Deconstruct  Erth           #.........   100%        5    ######.
 Lightning Bolt           Conj/Air       #.........   100%        5    ######.
 Silence                  Hex/Air        #.........   100%        5    ######.
 Yara's Violent Unravell  Hex/Tmut       #.........   100%        5    ######.
 Eringya's Noxious Bog    Tmut/Pois      #.........   100%        6    #######
 Discord                  Hex            #.........   100%        8    #######


Dungeon Overview and Level Annotations

Branches:
Dungeon (15/15)            Temple (0/1) D:7            Lair (6/6) D:11
  Swamp (0/4) Lair:2       Spider (2/4) Lair:3        Slime (0/5) Lair:6
    Orc (2/2) D:11            Elf (0/3) Orc:2        Vaults (0/5) D:14
 Depths (0/5) D:15        Volcano (visited)

Altars:
Cheibriados
Elyvilon
Hepliaklqana
Nemelex Xobeh
Qazlal
Ru
Sif Muna
Wu Jian
Zin
Beogh

Shops:
D:5 }::=   D:6 (   D:11 (   Orc:1 (   Orc:2 :([((

Annotations:
Lair:6 3 runed translucent doors, Nixze's ghost, journeyman DDBe; ilii's ghost, journeyman OpIE; tmanko2's ghost, journeyman TrFi


Innate Abilities, Weirdness & Mutations

You have hooves in place of feet.
Armour fits poorly on your strangely shaped body.
You cover ground very quickly.
You have extremely tough skin. (AC +3)
You are partially covered in rugged brown scales. (AC +1, +3% HP)
You possess an exceptional clarity of mind.
You are robust. (+10% HP)
Your movements are slightly less encumbered by armour. (ER -2)


Message History

* * * LOW HITPOINT WARNING * * *
You feel very sick.
There is a stone staircase leading down, spattered with blood here.
You feel better.
The tarantella bites you but does no damage.
You block the tarantella's attack. x3
You completely miss the tarantella. Your kick misses the tarantella.
You barely miss the tarantella. You block the tarantella's attack.
The tarantella bites you!
* * * LOW HITPOINT WARNING * * *
You feel momentarily confused.
You hit the tarantella.
Lightning courses through the tarantella!
The tarantella is moderately wounded.
You slash the tarantella! You block the tarantella's attack.
The tarantella bites you.
* * * LOW HITPOINT WARNING * * *
The tarantella bites you but does no damage.
The tarantella bites you!
You die...

###.##..###.........##
#......#...#..##..##.
###...###..###.......
#######...##.#...#.^.##...
#...#.##..#.#..####...#...
##..#..#........# #.#.#.#.
#..##........############.
##..#...####....#.^..# #.
#...#.#.#@†....###...####. ###
##..#<..s.s###...##..#....
##.####....##..##.#..###..#...#
#^..#^###...#^.^..##.##...††###
###...#...####.....######.†.#.#
# ###..#....#.##..####
#....#.... # #.#.....###......#
##....#....
###...#.#.#.#...^.##
#...#.#.#..
.###..###.....#.#..#
###.######.


You could see 2 tarantellas.

Vanquished Creatures
  Rupert (D:14)
  Gastronok (Lair:2)
  An emperor scorpion (Spider:2)
  Nessos (D:12)
  Josephine (Orc:1)
  A catoblepas (Lair:6)
  6 centaur warriors
  10 two-headed ogres
  A death knight (D:14)
  7 death yaks (Lair:6)
  2 ogre magi
  A deep troll shaman (Lair:6)
  8 orc high priests (Orc:2)
  A tengu warrior (D:14)
  A titan zombie (D:15)
  Urug (D:12)
  Nergalle (D:10)
  A hell knight (Volcano)
  A storm dragon zombie (D:15)
  A skeletal warrior (D:14)
  A wizard (D:14)
  A flayed ghost (D:14)
  2 unseen horrors
  2 lindwurms
  A necromancer (D:15)
  7 wolf spiders (Spider:1)
  Pikel (D:7)
  3 orc sorcerers (Orc:1)
  4 orb spiders (Spider:1)
  4 orc knights
  2 manticores
  13 ugly things
  3 cyclopes
  3 centaur zombies
  4 elephants (Lair:6)
  4 black mambas
  A torpor snail (Spider:1)
  A molten gargoyle (Volcano)
  7 spiny frogs
  Maurice (D:12)
  3 gargoyles
  Joseph (D:7)
  Maggie (Lair:1)
  3 demonic crawlers
  8 rime drakes
  5 komodo dragons
  9 trolls
  A guardian mummy (D:14)
  3 meliai (D:15)
  A queen bee (D:15)
  2 tengu conjurers (D:15)
  9 polar bears
  9 jumping spiders (Spider:1)
  An ettin zombie (D:15)
  23 blink frogs
  6 slime creatures (D:12)
  4 dream sheep (Lair:5)
  13 hippogriffs
  15 redbacks
  A centaur simulacrum (D:14)
  2 shadows
  8 tarantellas
  7 wraiths
  2 wyverns
  2 vampires (D:14)
  2 fire bats (Volcano)
  46 yaks
  4 hungry ghosts
  16 humans (D:14)
  5 basilisks
  2 steam dragons
  2 vampire mosquitoes (D:13)
  6 wargs
  An acid dragon (D:15)
  A tengu zombie (D:15)
  13 water moccasins
  9 porcupines
  Duvessa (D:4)
  5 ice beasts
  19 orc warriors
  A slave (D:7)
  2 black bears
  2 necrophages
  4 phantoms
  4 sky beasts
  13 wolves
  14 centaurs
  6 ogres
  4 crocodiles
  A big kobold (D:12)
  15 bullfrogs
  Dowan (D:4)
  A wyvern skeleton (D:14)
  4 scorpions
  21 killer bees
  12 wights
  5 electric eels
  3 howler monkeys
  8 crimson imps
  8 lava snakes (Volcano)
  2 quasits
  5 centaur skeletons
  7 hounds
  21 jellies
  36 orc priests
  A bullfrog skeleton (D:8)
  3 iguanas
  An iron imp (Abyss:1)
  Crazy Yiuf (D:7)
  Jessica (D:2)
  9 worker ants
  15 orc wizards
  A hound skeleton (D:11)
  A worker ant zombie (D:11)
  4 gnolls (D:3)
  2 howler monkey skeletons
  17 adders
  4 shadow imps
  7 oozes
  An adder skeleton (D:8)
  6 worms
  A dart slug (D:1)
  4 leopard geckos
  92 orcs
  4 ball pythons
  3 giant cockroaches
  4 goblins
  2 hobgoblins (D:1)
  3 jackals (D:6)
  2 quokkas
  8 bats
  5 frilled lizards
  11 kobolds
  A quokka zombie (D:8)
  9 rats
  A fungus (Lair:6)
  2 withered plants (D:15)
810 creatures vanquished.

Vanquished Creatures (collateral kills)
  A hippogriff (Lair:2)
  A porcupine (Lair:2)
2 creatures vanquished.

Vanquished Creatures (others)
  5 hydras
  A molten gargoyle (Volcano)
  A slave (D:7)
  2 killer bees (D:7)
  5 electric eels
  A crimson imp (D:7)
  An orc wizard (Orc:2)
  A worker ant (D:7)
  A shadow imp (D:7)
  2 jackals (D:7)
  A bush (Lair:6)
  10 fungi
  14 plants
45 creatures vanquished.

Grand Total: 857 creatures vanquished

Notes
Turn   | Place    | Note
-------+----------+-------------------------------------------
     0 | Abyss:1  | Gargoyl the Centaur Abyssal Knight began the quest for the
                  | Orb.
     0 | Abyss:1  | Reached XP level 1. HP: 19/19 MP: 2/2
    73 | Abyss:2  | Noticed a revenant
    84 | Abyss:2  | Noticed a large abomination
    85 | Abyss:2  | Noticed a worldbinder
    86 | D:1      | Escaped the Abyss
   140 | D:1      | Reached * piety under Lugonu
   204 | D:1      | Reached XP level 2. HP: 25/26 MP: 3/3
   407 | D:1      | Reached skill level 1 in Dodging
   724 | D:2      | Reached XP level 3. HP: 30/31 MP: 4/4
  1222 | D:2      | Noticed Jessica
  1227 | D:2      | Killed Jessica
  1227 | D:2      | Reached XP level 4. HP: 38/38 MP: 5/5
  1347 | D:2      | Reached ** piety under Lugonu
  1360 | D:2      | Found a snail-covered altar of Cheibriados.
  1492 | D:3      | Found a sparkling altar of Nemelex Xobeh.
  1497 | D:3      | Found a faded altar of an unknown god.
  1594 | D:3      | Found a hazy altar of Hepliaklqana.
  1603 | D:3      | Found a glowing silver altar of Zin.
  1606 | D:3      | Found a shimmering blue altar of Sif Muna.
  1620 | D:3      | Found a white marble altar of Elyvilon.
  2037 | D:3      | Reached XP level 5. HP: 37/46 MP: 7/7
  2931 | D:3      | Gained mutation: Your body sometimes deteriorates upon
                  | taking damage. [potion of mutation]
  2931 | D:3      | Gained mutation: Your movements are slightly less
                  | encumbered by armour. (ER -2) [potion of mutation]
  2931 | D:3      | Gained mutation: You do not regenerate when monsters are
                  | visible. [potion of mutation]
  2931 | D:3      | Gained mutation: You are somewhat resistant to further
                  | mutation. [potion of mutation]
  3146 | D:4      | Noticed Duvessa
  3146 | D:4      | Noticed Dowan
  3418 | D:4      | Noticed a phantom
  3456 | D:4      | Killed a phantom
  3456 | D:4      | Reached XP level 6. HP: 36/52 MP: 8/8
  3732 | D:4      | Lost mutation: Your body sometimes deteriorates upon taking
                  | damage. [potion of mutation]
  3732 | D:4      | Lost mutation: You are somewhat resistant to further
                  | mutation. [potion of mutation]
  3732 | D:4      | Lost mutation: You do not regenerate when monsters are
                  | visible. [potion of mutation]
  3732 | D:4      | Gained mutation: You are partially covered in rugged brown
                  | scales. (AC +1, +3% HP) [potion of mutation]
  3732 | D:4      | Gained mutation: You are robust. (+10% HP) [potion of
                  | mutation]
  3732 | D:4      | Gained mutation: You possess an exceptional clarity of
                  | mind. [potion of mutation]
  3735 | D:4      | Killed Duvessa
  3759 | D:4      | Killed Dowan
  4199 | D:5      | Entered Level 5 of the Dungeon
  4236 | D:5      | Reached XP level 7. HP: 64/66 MP: 9/9
  4684 | D:5      | Found Xythrub's Gadget Shop.
  4855 | D:5      | Found an ornate altar of the Wu Jian Council.
  4961 | D:5      | Reached *** piety under Lugonu
  4972 | D:5      | Found Nuatwes's Jewellery Boutique.
  4977 | D:5      | Bought an uncursed ring of positive energy for 200 gold
                  | pieces
  5032 | D:5      | Noticed a hippogriff
  5043 | D:5      | Killed a hippogriff
  5043 | D:5      | Reached XP level 8. HP: 56/74 MP: 9/11
  5344 | D:5      | Found Joicago's Book Emporium.
  5386 | D:5      | Found Vitefiap's Book Shoppe.
  5754 | D:6      | Reached skill level 5 in Armour
  5810 | D:6      | Found a sacrificial altar of Ru.
  5861 | D:6      | Reached skill level 5 in Axes
  6301 | D:6      | Found Vyisas's Antique Weapon Boutique.
  6698 | D:6      | Reached skill level 1 in Throwing
  6698 | D:6      | Reached skill level 5 in Invocations
  7192 | D:7      | Found a staircase to the Ecumenical Temple.
  7552 | D:7      | Reached XP level 9. HP: 62/80 MP: 12/12
  7574 | D:7      | HP: 3/81 [killer bee (7)]
  7991 | D:7      | Cast into level 1 of the Abyss (orc)
  8021 | Abyss:1  | Noticed a starcursed mass
  8040 | D:7      | Escaped the Abyss
  8059 | D:7      | Noticed Pikel
  8095 | D:7      | Killed Pikel
  8095 | D:7      | Reached skill level 5 in Fighting
  8373 | D:7      | Noticed Joseph
  8387 | D:7      | Killed Joseph
  8581 | D:7      | Found a runed translucent door.
  8582 | D:7      | Noticed Crazy Yiuf
  9192 | D:7      | Got a warped ring mail
  9203 | D:7      | Identified the cursed +1 ring mail "Entont" {Int+4 Stlth+}
                  | (You found it on level 7 of the Dungeon)
  9521 | D:7      | Killed Crazy Yiuf
 10011 | D:8      | Noticed a two-headed ogre
 10028 | D:8      | Killed a two-headed ogre
 10028 | D:8      | Reached XP level 10. HP: 59/91 MP: 15/15
 10457 | D:8      | Found a stormy altar of Qazlal.
 11921 | D:9      | You fall into a shaft and drop 1 floor!
 11921 | D:10     | Entered Level 10 of the Dungeon
 12254 | D:10     | Reached **** piety under Lugonu
 12310 | D:10     | You fall into a shaft and drop 2 floors!
 12310 | D:12     | Noticed Nessos
 12311 | D:12     | Noticed Maurice
 12759 | D:11     | Reached XP level 11. HP: 92/100 MP: 16/16
 12764 | D:11     | Reached skill level 5 in Dodging
 13151 | D:10     | Noticed Nergalle
 13169 | D:10     | Killed Nergalle
 13948 | D:11     | Noticed a white ugly thing
 13979 | D:11     | Killed a white ugly thing
 14318 | D:11     | Found Taunuluec's Weapon Boutique.
 14631 | D:11     | Found a staircase to the Lair.
 15132 | D:11     | Found a staircase to the Orcish Mines.
 16133 | Lair:1   | Entered Level 1 of the Lair of Beasts
 16280 | Lair:1   | Reached skill level 1 in Shields
 16532 | Lair:1   | Found a dark tunnel.
 16534 | Lair:1   | Noticed a lindwurm
 16541 | Volcano  | Entered a volcano
 17403 | Volcano  | Found a radiant altar of Vehumet.
 17403 | Volcano  | Noticed a two-headed ogre
 17403 | Volcano  | Noticed an ogre mage
 17403 | Volcano  | Noticed a two-headed ogre
 17403 | Volcano  | Noticed a two-headed ogre
 17414 | Volcano  | Killed a two-headed ogre
 17420 | Volcano  | Killed a two-headed ogre
 17420 | Volcano  | Reached XP level 12. HP: 61/109 MP: 18/18
 17422 | Volcano  | Killed a two-headed ogre
 17425 | Volcano  | Killed an ogre mage
 17764 | Volcano  | Noticed a two-headed ogre
 17772 | Volcano  | Killed a two-headed ogre
 19728 | Lair:1   | Noticed Maggie
 19740 | Lair:1   | Killed Maggie
 20873 | Lair:2   | Reached skill level 10 in Axes
 20973 | Lair:2   | Found a staircase to the Swamp.
 21466 | Lair:2   | Reached ***** piety under Lugonu
 21562 | Lair:2   | Noticed Gastronok
 21584 | Lair:2   | Killed Gastronok
 21584 | Lair:2   | Reached XP level 13. HP: 22/118 MP: 20/20
 22111 | Lair:2   | Reached skill level 10 in Invocations
 22731 | Lair:3   | Found a hole to the Spider Nest.
 23088 | Lair:2   | Reached skill level 10 in Armour
 25523 | Lair:5   | Got a crude marble ring
 25524 | Lair:5   | Identified the ring of Jaisojou {rC+ MR+ Str-2 Slay+4} (You
                  | found it on level 5 of the Lair of Beasts)
 26726 | Lair:6   | Entered Level 6 of the Lair of Beasts
 26849 | Lair:6   | Found a runed translucent gate.
 26849 | Lair:6   | Found a runed translucent gate.
 26849 | Lair:6   | Found a runed translucent gate.
 26849 | Lair:6   | Noticed Nixze's ghost (journeyman DDBe)
 26850 | Lair:6   | Noticed ilii's ghost (journeyman OpIE)
 26850 | Lair:6   | Noticed tmanko2's ghost (journeyman TrFi)
 27349 | Lair:6   | HP: 2/120 [death yak (20)]
 27811 | Lair:6   | Found a staircase to the Slime Pits.
 28013 | Lair:6   | Reached skill level 5 in Shields
 28046 | Lair:6   | Reached XP level 14. HP: 116/129 MP: 22/22
 29088 | Lair:6   | Got a warped flail
 29090 | Lair:6   | Identified the +4 flail "Wigebb" {pain, Dex+4} (You found
                  | it on level 6 of the Lair of Beasts)
 29935 | D:12     | Noticed Urug
 29938 | D:12     | Killed Maurice
 29954 | D:12     | Killed Urug
 30883 | D:12     | Killed Nessos
 32904 | D:14     | Noticed Rupert
 32906 | D:14     | Found a gate to the Vaults.
 32972 | D:14     | Killed Rupert
 33265 | D:14     | Reached XP level 15. HP: 68/140 MP: 24/24
 34090 | D:15     | Entered Level 15 of the Dungeon
 34090 | D:15     | Found a staircase to the Depths.
 35141 | D:15     | Reached ****** piety under Lugonu
 35361 | D:15     | Found the +8 orange crystal plate armour {Archmagi, Int+3
                  | Clar}
 36180 | D:15     | Found a roughly hewn altar of Beogh.
 36313 | D:15     | Escaped the Abyss
 36322 | D:15     | Identified 2 scrolls of acquirement
 36850 | Orc:1    | Entered Level 1 of the Orcish Mines
 36867 | Orc:1    | Paralysed by an orc sorcerer for 4 turns
 37178 | Orc:1    | Paralysed by an orc sorcerer for 7 turns
 37224 | Orc:1    | Found Lempig's Antique Weapon Shop.
 37236 | Orc:1    | Bought a runed broad axe for 196 gold pieces
 37250 | Orc:1    | Noticed Josephine
 37265 | Orc:1    | Killed Josephine
 37613 | Orc:2    | Entered Level 2 of the Orcish Mines
 38384 | Orc:2    | Found a roughly hewn altar of Beogh.
 38774 | Orc:2    | Found Ajaoman's Antique Armour Boutique.
 38774 | Orc:2    | Found Nonimpoh's Weapon Shoppe.
 38786 | Orc:2    | Found Ugunkul's Book Shoppe.
 38868 | Orc:2    | Bought the +2 shield of Resistance {rF+ rC+ MR+} for 945
                  | gold pieces
 38868 | Orc:2    | Found the +2 shield of Resistance {rF+ rC+ MR+}
 39001 | Orc:2    | Found a staircase to the Elven Halls.
 39063 | Orc:2    | Found Pionocli's Weapon Shoppe.
 39204 | Orc:2    | Found Iviad's Antique Weapon Boutique.
 39555 | Spider:1 | Entered Level 1 of the Spider Nest
 40022 | Spider:1 | Reached XP level 16. HP: 123/151 MP: 25/25
 41218 | Spider:1 | Slain by a tarantella

Illustrated notes

Levels and vault maps discovered:
D:1:      ncdulo_halloftheorcs, layout_rooms
D:2:      layout_basic, cheibriados_altar_1, uniq_jessica
D:3:      layout_rooms, grunt_temple_overflow_cloverleaf,
          nemelex_xobeh_ov_fountains_minmay, first_ration,
          chequers_ecumenical_altar_simple, chequers_serial_rivers_micro_d
D:4:      layout_basic, minmay_splitting_lines, uniq_duvessa
D:5:      minmay_inner_zag, layout_basic, nicolae_overflow_crystal_walls,
          serial_shops, kennysheep_mini, shop, nicolae_shop_stone,
          kennysheep_little_box
D:6:      layout_basic, overflow_temple_1_default, serial_shops, shop
D:7:      layout_layer_cave, minmay_temple_entry_junction_2, uniq_pikel,
          uniq_crazy_yiuf_cottage, uniq_joseph
D:8:      layout_loops_corners, basic_altar
D:9:      layout_irregular_city
D:10:     layout_basic, hangedman_little_slice_of_home, uniq_nergalle
D:11:     layout_layer_cave, erik_lair_island, serial_shops, shop
D:12:     wad_cavern_with_rooms, layout_basic, gauntlet_entry_generic,
          uniq_maurice, uniq_nessos, uniq_urug
D:13:     layout_stronghold
D:14:     layout_loops_cross, david_vaults_3, amethyst_killhole, minmay_between
D:15:     gammafunk_depths_entry_grave, layout_long_grid, special_room
          [special_room_orc], minivault_7
Lair:1:   layout_hall_layers, nicolae_volcano_entry_vermiform,
          lemuel_fruit_tree, uniq_maggie
Lair:2:   layout_cave_shapes, minmay_swamp_entry_eels,
          cheibrodos_lair_lostbears, grunt_megastairs_5, uniq_gastronok
Lair:3:   layout_chaotic_city, nicolae_spider_entry_non_spiders,
          gammafunk_lair_bear_cave
Lair:4:   layout_regular_city, grunt_megastairs_4
Lair:5:   layout_gridlike, minmay_lair_drake_nest
Lair:6:   grunt_lair_end_beastmaster, layout_regular_city,
          minmay_slime_entry_jelly_boxes, gammafunk_ghost_cemetery
Spider:1: layout_spider_delve
Spider:2: layout_spider_delve, worms_lemuel, uniq_nikola
Orc:1:    layout_diamond_mine, serial_shops, shop, uniq_josephine
Orc:2:    st_orc_town, layout_caves, serial_shops, shop,
          nicolae_orc_crystal_geode

Skill      XL: |  1  2  3  4  5  6  7  8  9 10 11 12 13 14 15 |
---------------+----------------------------------------------+-----
Axes           | 2 3 4 5 6 8 9 10 12 13 | 13.1
Dodging        | 1 2 3 4 5 6 7 8 9 |  9.4
Armour         | 2 3 4 5 6 7 9 10 11 | 11.4
Invocations    | 3 4 5 6 7 8 9 11 12 13 | 13.1
Fighting       | 4 5 6 7 8 9 |  9.9
Throwing       | 1 |  1.4
Shields        | 1 3 5 6 7 |  7.3
Evocations     | |  0.3

Action                   |  1- 3 |  4- 6 |  7- 9 | 10-12 | 13-15 | 16-18 || total
-------------------------+-------+-------+-------+-------+-------+-------++-------
Melee: Hand axe          |    70 |   153 |   336 |   704 |  1288 |       ||  2551
       Kick              |    13 |    42 |   101 |   273 |   560 |    51 ||  1040
       Broad axe         |       |       |       |       |   327 |   127 ||   454
Throw: Javelin           |       |       |    12 |       |     3 |    18 ||    33
Invok: Depart the Abyss  |     1 |       |     1 |       |     1 |       ||     3
       Banish            |       |       |     3 |     2 |    13 |       ||    18
       Bend Space        |       |       |       |     4 |     2 |       ||     6
       Enter the Abyss   |       |       |       |       |     1 |       ||     1
Evoke: Wand              |       |       |     3 |     4 |       |       ||     7
  Use: Scroll            |     3 |     5 |    11 |    20 |    18 |       ||    57
       Potion            |       |     9 |     2 |     3 |     5 |     1 ||    20
 Stab: Invisible         |       |       |     2 |       |       |       ||     2
       Distracted        |       |       |       |       |     1 |       ||     1
       Petrified         |       |       |       |       |     5 |       ||     5
  Eat: Chunk             |       |     5 |    10 |    29 |    47 |     2 ||    93
       Ration            |       |     1 |     2 |     2 |     3 |       ||     8
Armor: Plate armour      |    61 |   124 |   246 |   220 |       |       ||   651
       Scale mail        |       |       |       |    77 |   456 |    81 ||   614
Dodge: Dodged            |    11 |    17 |   100 |   172 |   454 |    95 ||   849
       Repelled          |       |       |       |       |     4 |       ||     4
Block: Other             |       |       |    22 |    50 |       |       ||    72
       Reflection        |       |       |       |     7 |    19 |       ||    26
       Kite shield       |       |       |       |   245 |  1052 |   132 ||  1429

Table legend:
 A = Non-vault XP
 B = Vault XP
 C = Vault XP percentage of total XP
 D = Non-vault monster count
 E = Vault monster count
 F = Vault count percentage of total count
                 A         B        C        D         E       F
            +---------+---------+-------+---------+---------+-------
      Total |  102269 |   61449 |  37.5 |     566 |     258 |  31.3
            +---------+---------+-------+---------+---------+-------
        D:1 |      38 |       0 |   0.0 |      21 |       0 |   0.0
        D:2 |      48 |      37 |  43.5 |      12 |       1 |   7.7
        D:3 |     163 |       0 |   0.0 |      24 |       0 |   0.0
        D:4 |     197 |     220 |  52.8 |       8 |       2 |  20.0
        D:5 |     794 |     195 |  19.7 |      22 |       4 |  15.4
        D:6 |     799 |       0 |   0.0 |      14 |       0 |   0.0
        D:7 |    1209 |     976 |  44.7 |      24 |       3 |  11.1
        D:8 |    2563 |       0 |   0.0 |      34 |       0 |   0.0
        D:9 |    2393 |       0 |   0.0 |      22 |       0 |   0.0
       D:10 |    1142 |     986 |  46.3 |      24 |       9 |  27.3
       D:11 |    3754 |     891 |  19.2 |      29 |       7 |  19.4
       D:12 |    6309 |    3715 |  37.1 |      38 |       8 |  17.4
       D:13 |    7752 |       0 |   0.0 |      26 |       0 |   0.0
       D:14 |    8387 |   12011 |  58.9 |      19 |      29 |  60.4
       D:15 |   11140 |    5660 |  33.7 |      37 |      48 |  56.5
     Lair:1 |    4540 |    1072 |  19.1 |      21 |       2 |   8.7
     Lair:2 |    8274 |    4599 |  35.7 |      35 |      20 |  36.4
     Lair:3 |    2612 |     629 |  19.4 |      12 |       3 |  20.0
     Lair:4 |    2399 |    1392 |  36.7 |      12 |       5 |  29.4
     Lair:5 |    3993 |    2520 |  38.7 |      18 |       7 |  28.0
     Lair:6 |   10247 |    9219 |  47.4 |      33 |      29 |  46.8
   Spider:1 |   14341 |       0 |   0.0 |      42 |       0 |   0.0
   Spider:2 |    2435 |       0 |   0.0 |       5 |       0 |   0.0
      Orc:1 |    4639 |    2490 |  34.9 |      22 |      10 |  31.2
      Orc:2 |    2062 |    8106 |  79.7 |      11 |      53 |  82.8
    Abyss:1 |      39 |       0 |   0.0 |       1 |       0 |   0.0
    Volcano |       0 |    6731 | 100.0 |       0 |      18 | 100.0
            +---------+---------+-------+---------+---------+-------
